Map: Orbital Shipyard

Players

Koshkii - Winner!

  • Race: Protoss Protoss
  • League: Diamond

LilDicky

  • Race: Terran Terran
  • League: Diamond

VOD

http://www.twitch.tv/tumescentpie

Description

Time

  • Played on: Dec. 3, 2015, 12:09 p.m.
  • Length: 9:54
Show
View Real Time Build Order
Export as new Build Order

Koshkii Protoss - Winner!

Build Orders:  

Get SALT Encoding   

  12  0:02  Probe (Chrono Boost)  
  13  0:12  Probe (Chrono Boost)  
  14  0:21  Pylon  
  14  0:23  Probe (Chrono Boost)  
  15  0:39  Probe (Chrono Boost), Gateway  
  16  0:44  Assimilator  
  17  0:50  Probe (Chrono Boost)  
  17  0:57  Pylon  
  17  1:00  Probe (Chrono Boost)  
  18  1:11  Probe (Chrono Boost)  
  19  1:21  Probe (Chrono Boost)  
  20  1:26  Cybernetics Core  
  20  1:32  Probe (Chrono Boost)  
  23  1:42  Probe (Chrono Boost)  
  22  1:48  Nexus  
  22  1:53  Probe (Chrono Boost)  
  23  2:01  Assimilator  
  23  2:04  Mothership Core (Chrono Boost)  
  25  2:08  Adept  
  25  2:13  Warp Gate  
  27  2:22  Probe (Chrono Boost)  
  28  2:31  Gateway  
  28  2:33  Probe (Chrono Boost)  
  29  2:41  Twilight Council  
  29  2:43  Probe (Chrono Boost)  
  30  2:54  Probe (Chrono Boost)  
  30  2:57  Robotics Facility  
  31  3:04  Probe (Chrono Boost)  
  32  3:10  Probe (Chrono Boost)  
  33  3:15  Probe (Chrono Boost)  
  34  3:21  Probe (Chrono Boost)  
  34  3:25  Probe (Chrono Boost)  
  36  3:32  Probe (Chrono Boost)  
  37  3:36  Probe (Chrono Boost)  
  37  3:41  Probe (Chrono Boost)  
  37  3:44  Stalker  
  37  3:46  Observer (Chrono Boost)  
  41  3:50  Probe  
  41  3:52  Pylon  
  42  3:56  Pylon  
  42  4:04  Probe  
  42  4:05  Probe  
  44  4:21  Probe  
  44  4:25  Probe  
  45  4:33  Probe  
  45  4:35  Probe  
  45  4:37  Pylon  
  47  4:45  Probe  
  48  4:46  Probe  
  48  4:48  Assimilator  
  49  4:54  Warp Prism (Chrono Boost), Assimilator  
  49  4:59  Dark Shrine  
  51  5:00  Probe  
  51  5:02  Probe  
  53  5:11  Probe  
  55  5:14  Probe  
  55  5:21  Probe  
  55  5:22  Stalker x2  
  55  5:26  Probe  
  61  5:32  Probe  
  61  5:34  Gateway  
  62  5:38  Probe  
  62  5:47  Stalker x2  
  66  5:55  Pylon  
  58  5:59  Pylon  
  58  6:00  Pylon  
  41  6:30  Dark Templar x2  
  41  6:31  Probe  
  41  6:32  Probe  
  47  6:48  Probe  
  48  6:56  Dark Templar  
  48  6:57  Probe  
  48  6:58  Immortal (Chrono Boost)  
  55  7:02  Gateway  
  55  7:04  Dark Templar, Nexus  
  55  7:05  Probe  
  55  7:06  Pylon  
  55  7:07  Pylon  
  55  7:08  Probe  
  59  7:16  Dark Templar  
  59  7:17  Probe  
  59  7:20  Probe  
  63  7:29  Probe  
  64  7:31  Probe  
  65  7:37  Charge  
  65  7:41  Probe  
  65  7:42  Probe  
  67  7:45  Dark Templar  
  67  7:46  Zealot  
  71  7:52  Probe  
  71  7:53  Gateway  
  71  7:54  Probe  
  73  8:02  Probe, Archon x2  
  73  8:03  Archon  
  73  8:04  Zealot x2  
  78  8:07  Zealot  
  78  8:11  Immortal (Chrono Boost)  
  84  8:14  Probe  
  84  8:15  Probe x2  
  87  8:25  Probe x2  
  89  8:29  Zealot x4  
  89  8:32  Probe  
  98  8:39  Pylon  
  98  8:40  Forge  
  98  8:43  Probe  
  98  8:44  Probe  
  94  8:55  Stalker x3  
  94  8:56  Stalker  
  94  9:06  Probe  
  95  9:13  Probe, Dark Templar  
  98  9:23  Stalker x3  
  98  9:24  Stalker, Probe  
  104  9:28  Probe, Photon Cannon  
  106  9:32  Photon Cannon  
  106  9:33  Photon Cannon  
  106  9:38  Probe  
Show
View Real Time Build Order
Export as new Build Order

LilDicky Terran 

Build Orders: MMM Bio 

Get SALT Encoding   

  12  0:01  SCV  
  13  0:13  SCV  
  14  0:18  Supply Depot  
  14  0:26  SCV  
  15  0:39  Refinery  
  15  0:40  SCV  
  16  0:48  Barracks  
  16  0:52  SCV  
  17  1:06  SCV  
  19  1:18  SCV  
  19  1:30  SCV  
  20  1:39  Marine  
  21  1:42  Supply Depot  
  21  1:43  Factory  
  21  1:45  Orbital Command  
  21  2:05  Marine  
  22  2:14  Barracks  
  22  2:16  Barracks  
  22  2:24  SCV  
  22  2:27  Supply Depot  
  22  2:28  Barracks Reactor  
  23  2:30  Refinery  
  23  2:36  SCV  
  24  2:47  Widow Mine  
  24  2:48  SCV  
  27  2:57  Supply Depot  
  27  3:00  SCV  
  27  3:02  Barracks Tech Lab  
  27  3:03  Barracks Tech Lab  
  28  3:17  Marine x2  
  29  3:22  Widow Mine  
  31  3:32  Marauder  
  31  3:33  Stimpack  
  35  3:34  Combat Shields  
  35  3:37  Marine x2, Marauder  
  35  3:39  SCV  
  38  3:43  Supply Depot  
  36  4:06  Marauder x2, Marine x2  
  44  4:17  SCV  
  44  4:22  Starport  
  45  4:24  Supply Depot  
  45  4:26  Marine  
  45  4:28  Marauder  
  45  4:29  SCV  
  45  4:39  Marine  
  45  4:40  Marauder  
  45  4:41  SCV  
  45  4:44  Marine  
  50  4:47  Supply Depot  
  50  4:49  Marauder  
  52  4:57  Marine  
  53  5:00  Medivac  
  53  5:01  Marauder  
  53  5:06  Engineering Bay  
  57  5:11  Marauder  
  59  5:18  SCV  
  62  5:29  Supply Depot  
  62  5:30  SCV  
  62  5:32  Marine x2, Marauder  
  65  5:35  Medivac  
  65  5:41  Missile Turret  
  67  5:46  Missile Turret  
  47  6:20  Marine x2  
  49  6:28  Marine x2  
  51  6:37  Marine  
  51  6:40  Command Center  
  51  6:42  Missile Turret  
  48  6:49  Starport Tech Lab  
  48  6:56  SCV, Marine  
  48  6:57  Marine x2  
  48  6:58  Marauder  
  54  7:11  Supply Depot  
  54  7:14  Raven, Marine  
  57  7:16  Terran Infantry Weapons Level 1  
  57  7:22  Marine  
  60  7:39  Marine  
  60  7:40  Marauder  
  63  7:53  Supply Depot  
  63  8:03  Orbital Command  
  63  8:04  Marine  
  63  8:05  Marine  
  63  8:07  Liberator  
  63  8:15  Marine x2  
  63  8:16  SCV  
  69  8:28  Supply Depot  
  69  8:32  SCV x2  
  69  8:34  Marauder  
  73  8:36  Missile Turret  
  73  8:37  Marine  
  73  8:38  Marauder  
  59  9:21  Marine  
  59  9:22  Marine x3  
Tags
 
Add a new tag
Caveats
  • Supply blocks, unpowered buildings, or Contaminate may cause inaccurate times.
  • Supply counts are checked every 10 seconds.